 Dungeon Crawl Stone Soup version 0.30-a0-840-ga523dec638 (webtiles) character file.

Game seed: 8915778214313454233

1 Esekla the Sneak (level 1, 16/16 HPs)
             Began as an Octopode Delver on Mar 1, 2023.
             Quit the game on level 5 of the Dungeon.
             The game lasted 00:01:11 (179 turns).

Esekla the Sneak (Octopode Delver)                   Turns: 179, Time: 00:01:12

Health: 16/16      AC:  1    Str: 11    XL:     1   Next: 20%
Magic:  1/1        EV: 13    Int: 12    God:
Gold:   0          SH:  0    Dex: 13    Spells: 0/0 levels left

rFire   . . .      SeeInvis .    a - +0 falchion
rCold   . . .      Faith    .    (no shield)
rNeg    . . .      Spirit   .    (helmet restricted)
rPois   .          Reflect  .    (no amulet)
rElec   .          Harm     .    (no ring)
rCorr   .          Rampage  .    (no ring)
Will    .....                    (no ring)
Stlth   ++++                     (no ring)
HPRegen 0.22/turn                (no ring)
MPRegen 0.07/turn                (no ring)
                                 (no ring)
                                 (no ring)

@: no status effects
A: almost no armour, amphibious, 8 rings, camouflage 1, gelatinous body 1,
(nimble swimmer 1), tentacles
a: no special abilities


You were on level 5 of the Dungeon.
You visited 2 branches of the dungeon, and saw 2 of its levels.

Inventory:

Hand Weapons
 a - a +0 falchion (weapon)
Missiles
 g - 2 javelins (quivered)
Wands
 f - a wand of digging (3)
Scrolls
 b - a scroll of fog
 d - a scroll of fear
Potions
 c - 2 potions of flight {unknown}
 e - a potion of haste


   Skills:
 * Level 3.0 Fighting
 * Level 2.0 Long Blades
 * Level 2.0 Dodging
 + Level 6.6 Stealth


You couldn't memorise any spells.
You didn't know any spells.
Your spell library was empty.

Dungeon Overview and Level Annotations

Branches:
Dungeon (5/15)             Temple (1/1) D:5

Altars:
Cheibriados
Hepliaklqana
Kikubaaqudgha
Makhleb
Nemelex Xobeh
Okawaru
Qazlal
Sif Muna
Trog
Wu Jian
Yredelemnul


Innate Abilities, Weirdness & Mutations

You cannot wear most types of armour.
You are amphibious.
You can wear up to eight rings at the same time.
Your skin changes colour to match your surroundings (Stealth+).
Your rubbery body absorbs attacks. (AC +1, EV +1)
((You are camouflaged when in or above water. (Stealth+)))
You have tentacles for arms and can constrict up to eight enemies at once.


Message History

You hit the quokka but do no damage.
The quokka is heavily wounded.
You constrict the quokka. The quokka bites you. The quokka closely misses you.
You hit the quokka.
You kill the quokka!
You start resting.
HP restored.
A worm comes into view.
Found a stone staircase leading up.
A black bear comes into view.
Found a stone staircase leading down.
You open the door.
Found a staircase to the Ecumenical Temple.
There is an open door here.
There is a staircase to the Ecumenical Temple here.
You climb downwards.
Welcome to the Ecumenical Temple!
Found an iron altar of Okawaru and a basalt altar of Yredelemnul.
There is a staircase back to the Dungeon here.
Found a hazy altar of Hepliaklqana and a burning altar of Makhleb.
Found an ancient bone altar of Kikubaaqudgha.
There is a fountain of sparkling water here.
You enter the deep water.
Found a sparkling altar of Nemelex Xobeh.
Found a bloodstained altar of Trog.
There is a bloodstained altar of Trog here.
Found an ornate altar of the Wu Jian Council.
Found a snail-covered altar of Cheibriados.
There is a fountain of sparkling water here.
You enter the deep water.
Found a stormy altar of Qazlal.
Done exploring.
Search for what [? for help]?
Gozag Can't find anything matching that.
(D) Dungeon (T) Temple
Where to? (? - help)
You enter the deep water.
There is a staircase back to the Dungeon here.
You climb upwards.
There is a staircase to the Ecumenical Temple here.
Are you sure you want to abandon this character and quit the game? (Confirm with "yes".)

,,,,,,**####**###...#.#*,,****,,,
,,,,,,,,.....##...#...##,,* *,,*
***,,****###....###.....>,****,,,
*,,,,,,,.............##..,**,,,**
*,,*****###.####.....#*,.,,,,*,*,
*,** #,*###'###.#*,,,,,,,,*, *,*
*,,#.....#,#*,,,,*,,,,, ***
**,#.⌠.⌠.#,**,,,,,,,**,
*,+..@..+,**,,,***,*,,
**#.⌠.⌠.#***,*,*,,,,,,
#.....#***,,,***,*,,
###+###,,,,,,,,,,**,
*,,,,,*****,*,,,,, *******
*,,,,,*, ***,*,*, *,,,** ***,,,


There were no monsters in sight!

Vanquished Creatures
  A quokka (D:5)
1 creature vanquished.

Notes
Turn   | Place    | Note
-------+----------+-------------------------------------------
     0 | D:5      | Esekla the Octopode Delver began the quest for the Orb.
     0 | D:5      | Reached XP level 1. HP: 16/16 MP: 1/1
     7 | D:5      | Found a shimmering blue altar of Sif Muna.
     8 | D:5      | Noticed a necrophage
    57 | D:5      | Noticed a black bear
    75 | D:5      | Found a staircase to the Ecumenical Temple.
    81 | Temple   | Entered the Ecumenical Temple
   179 | D:5      | Quit the game

Illustrated notes

Levels and vault maps discovered:
D:5:      layout_rooms, lemuel_doored_altar, minmay_temple_entry_hall,
          minmay_fractal_squares_5
Temple:   nicolae_temple_two_arcs

Action                     || total
---------------------------++-------
  Melee: Falchion          ||     4
         Constrict         ||     1
         Tentacles         ||     1
    Use: Scroll            ||     1
  Dodge: Dodged            ||     2

Table legend: (Time is in decaauts)
 A = Elapsed time spent in this place.
 B = Non-inter-level travel time spent in this place.
 C = Inter-level travel time spent in this place.
 D = Time resting spent in this place.
 E = Time spent auto-exploring this place.
 F = Levels seen in this place.
 G = Mean time per level.
                   A        B        C        D        E       F      G
               +--------+--------+--------+--------+--------+-----+--------+
         Total |    180 |    168 |     12 |     20 |     78 |   2 |   90.0 |
       Dungeon |     83 |     82 |      1 |     20 |      0 |   1 |   83.0 |
        Temple |     96 |     85 |     11 |      0 |     78 |   1 |   96.0 |
               +--------+--------+--------+--------+--------+-----+--------+

Top non-repeatable levels by time:
  Temple: 96 daAuts
     D:5: 83 daAuts
